 Dungeon Crawl Stone Soup version 0.17.0-28-g6e173f8 (webtiles) character file.

293659 Raultor the Slayer (level 21, -1/184 HPs)
             Began as a Hill Orc Gladiator on Nov 22, 2015.
             Was the Champion of Qazlal.
             Slain by a snapping turtle (22 damage)
             ... on level 4 of the Shoals.
             The game lasted 02:47:06 (35336 turns).

Raultor the Slayer (Hill Orc Gladiator)            Turns: 35336, Time: 02:47:06

Health: -1/184     AC: 41    Str: 25    XL:     21   Next: 21%
Magic:  21/32      EV:  8    Int:  8    God:    Qazlal [******]
Gold:   4231       SH:  8    Dex: 14    Spells: 2 memorised, 16 levels left

rFire  . . .     SeeInvis +     E - +7 executioner's axe (chop)
rCold  + + .     Clarity  .     Y - +9 plate armour "Iladogh" {rElec MR+ Regen+}
rNeg   . . .     SustAt   .     (shield currently unavailable)
rPois  +         Gourm    .     B - +2 helmet {SInv}
rElec  +         Spirit   .     a - +1 cloak
rCorr  +         Warding  .     v - +0 pair of gloves
rMut   .         Stasis   .     W - +1 pair of boots {Stlth+}
MR     +++..                    G - amulet of Fakiw {rCorr rC++}
Stlth  ..........               z - ring "Olappyin" {rPois Stlth+}
                                u - ring of protection from magic

@: lethally poisoned (-1 -> -1), protected from physical damage, repel missiles,
extremely resistant to hostile enchantments, extremely unstealthy
A: frail 1
a: Upheaval, Elemental Force, Disaster Area, Renounce Religion
}: 1/15 runes: serpentine


You were on level 4 of the Shoals.
You worshipped Qazlal.
Qazlal was exalted by your worship.
You were hungry.

You visited 7 branches of the dungeon, and saw 39 of its levels.
You also visited: Ice Cave.

You collected 4993 gold pieces.
You spent 762 gold pieces at shops.

Inventory:

Hand Weapons
 E - a +7 executioner's axe of chopping (weapon)
 M - a +3 battleaxe of flaming
Missiles
 d - 10 throwing nets (quivered)
 y - 4 javelins of penetration
Armour
 a - a +1 cloak (worn)
 v - a +0 pair of gloves (worn)
 B - a +2 helmet of see invisible (worn)
 W - a +1 pair of boots of stealth (worn)
 Y - the +9 plate armour "Iladogh" (worn) {rElec MR+ Regen+}
   (You found it on level 9 of the Dungeon)

   It insulates you from electricity.
   It affects your resistance to hostile enchantments.
   It increases your rate of regeneration.
 Z - the +0 pair of boots of Instinct {rF+ MP+9 Str-3}
   (You found it on level 13 of the Dungeon)

   It affects your strength (-3).
   It protects you from fire.
   It affects your magic capacity (+9).
Jewellery
 o - an uncursed ring of flight
 r - an uncursed ring of positive energy
 u - a ring of protection from magic (left hand)
 w - the ring of Hiheon {rF+ Dex+3}
   (You took it off a deep elf demonologist on level 3 of the Elven Halls)

   [ring of protection from fire]

   It affects your dexterity (+3).
   It protects you from fire.
 z - the ring "Olappyin" (right hand) {rPois Stlth+}
   (You found it on level 2 of the Snake Pit)

   [ring of poison resistance]

   It protects you from poison.
   It makes you more stealthy.
 G - the amulet of Fakiw (around neck) {rCorr rC++}
   (You found it on level 3 of the Elven Halls)

   [amulet of resist corrosion]

   It protects you from acid and corrosion.
   It greatly protects you from cold.
 H - an uncursed ring of teleportation
 L - an uncursed amulet of stasis
Wands
 h - a wand of teleportation (3)
 C - a wand of digging (17)
 P - a wand of invisibility (3)
Scrolls
 b - 8 scrolls of enchant weapon
 c - 5 scrolls of teleportation
 g - 18 scrolls of identify
 j - 3 scrolls of recharging
 k - 2 scrolls of enchant armour
 l - 9 scrolls of remove curse
 n - a scroll of holy word
 D - 7 scrolls of magic mapping
 F - 2 scrolls of blinking
 J - a scroll of brand weapon
 Q - 7 scrolls of fear
 T - a scroll of silence
Potions
 i - 4 potions of invisibility
 m - 5 potions of cancellation
 p - 8 potions of curing
 q - 8 potions of brilliance
 s - 5 potions of might
 x - a potion of cure mutation
 A - 4 potions of haste
 I - 3 potions of berserk rage
 R - 4 potions of agility
 S - 4 potions of flight
 U - a potion of heal wounds
Miscellaneous
 K - a phial of floods
 V - a lamp of fire
 X - a fan of gales
Comestibles
 e - 16 bread rations
 f - 23 meat rations
 O - 6 fruits


   Skills:
 + Level 21.4 Fighting
 + Level 20.3 Axes
 + Level 1.7 Throwing
 * Level 18.7 Armour
 * Level 10.4 Dodging
 - Level 0.1 Stealth
 * Level 15.6 Invocations
 * Level 12.1 Evocations


You had 16 spell levels left.
You knew the following spells:

 Your Spells              Type           Power        Failure   Level  Hunger
a - Blink                 Tloc           N/A          100%        2    ###....
b - Repel Missiles        Chrm/Air       #.....       100%        2    ###....


Dungeon Overview and Level Annotations

Branches:
Dungeon (15/15)            Temple (1/1) D:6            Lair (8/8) D:11
 Shoals (4/4) Lair:4        Snake (4/4) Lair:4        Slime (0/6) Lair:8
    Orc (4/4) D:12            Elf (3/3) Orc:3        Vaults (0/5) D:13
 Depths (0/5) D:15

Altars:
Ashenzari
Cheibriados
Dithmenos
Elyvilon
Fedhas
Gozag
Kikubaaqudgha
Makhleb
Nemelex Xobeh
Okawaru
Qazlal
Ru
Sif Muna
Trog
Vehumet
Xom
Yredelemnul
Zin
The Shining One
Beogh

Shops:
D:4 (*!   D:9 =   Orc:4 !?}(   Elf:2 [   Elf:3 *   Snake:1 (   Snake:3 *

Annotations:
Lair:8 exclusion: 5 oklob plants
Shoals:4 Ilsuiw


Innate Abilities, Weirdness & Mutations

You are frail (-10% HP).


Message History

You resist with some effort.
The alligator snapping turtle is engulfed in freezing vapours.
The alligator snapping turtle bites you from afar!!
* * * LOW HITPOINT WARNING * * *
The merfolk javelineer throws a javelin of penetration.
The javelin of penetration is repelled.
The satyr plays a frightful melody on his pipes!
The satyr radiates an aura of fear!
You resist with almost no effort.
The siren is engulfed in freezing vapours.
You kill the siren!
Qazlal accepts your kill.
You hear a splash.
There is a stone staircase leading up here.
Items here: (( ) [ † a rapier; a robe; a javelin of penetration; a throwing net; a merfolk corpse You feel sick.
The merfolk javelineer is no longer encased in ice.
The snapping turtle seems to slow down.
The snapping turtle bites you from afar!!
You die...

.#≈≈≈≈≈≈≈≈≈≈≈$
'≈≈≈≈≈≈≈≈≈≈≈.
#≈≈≈≈≈≈≈≈≈≈≈..
##≈†≈≈≈≈≈≈≈≈≈..
###≈≈≈≈≈≈≈≈≈(≈≈..
≈≈≈≈≈≈≈≈§≈§≈≈≈...
≈≈≈≈≈≈§m≈≈≈......
≈≈≈≈≈≈≈)@§m...)..
≈≈≈≈≈≈≈§.(.)......
≈≈≈≈≈≈≈)(tm.......
≈≈≈≈≈≈c≈t§).......
≈≈≈.≈≈≈≈m.....≈#≈#
≈≈...≈≈≈≈≈.(.≈#≈≈≈
≈....≈≈≈≈≈...#m≈≈≈
≈....≈≈≈≈≈≈..≈≈≈≈≈
....(.≈<[.≈≈≈#≈≈≈≈


You could see Ilsuiw (invisible), an alligator snapping turtle, a merfolk
avatar, a merfolk javelineer, a satyr, a merfolk aquamancer, a snapping turtle
(roused) and a merfolk (roused).

Vanquished Creatures
  Jorgrun (Shoals:2)
  3 deep elf blademasters
  Asterion (Elf:1)
  2 deep elf master archers
  Polyphemus (Shoals:2)
  Gastronok (Lair:2)
  Agnes (Elf:1)
  15 greater nagas
  Roxanne (Elf:1)
  6 deep elf sorcerers (Elf:3)
  Maud (Orc:2)
  Louise (Elf:2)
  7 deep elf annihilators
  Nessos (Lair:6)
  Azrael (Elf:1)
  7 deep elf demonologists
  Snorg (Lair:3)
  A merfolk javelineer (Shoals:4)
  13 deep elf death magi
  4 merfolk impalers
  3 deep elf high priests (Elf:3)
  2 ogre magi
  A fire dragon (Lair:8)
  2 ice dragons (D:15)
  22 naga warriors
  4 hydras
  5 centaur warriors
  Erica (Orc:1)
  A merfolk avatar (Shoals:4)
  A catoblepas (Shoals:2)
  3 merfolk aquamancers (Shoals:4)
  10 death yaks
  13 anacondas
  14 dancing weapons (Elf:2)
  2 satyrs
  A queen ant (Lair:7)
  An orc high priest (Elf:1)
  Urug (Lair:4)
  11 naga sharpshooters
  Sonja (D:15)
  Nergalle (Orc:4)
  12 deep elf knights
  6 shock serpents
  2 ice devils (IceCv)
  A fire crab (D:15)
  7 skeletal warriors
  3 salamander mystics
  20 sea snakes
  A sea snake (shapeshifter) (Elf:1)
  10 deep elf summoners
  4 unseen horrors
  2 naga ritualists (Snake:4)
  6 harpies
  Pikel (D:8)
  A wolf spider (Lair:8)
  2 hill giants
  2 orc knights
  15 deep elf conjurers
  A necromancer (IceCv)
  6 orc sorcerers (Orc:4)
  7 mana vipers
  3 cyclopes
  An oklob plant (Shoals:2)
  8 griffons
  A hornet (Lair:8)
  11 ugly things
  6 elephants (Lair:7)
  5 manticores
  14 salamanders
  13 fauns
  A water nymph (Shoals:4)
  4 sirens
  4 centaur zombies
  18 guardian serpents
  26 naga magi
  3 ice statues (IceCv)
  A torpor snail (Lair:5)
  50 black mambas
  A gargoyle (D:13)
  A yaktaur (D:13)
  A small abomination (Elf:3)
  18 spiny frogs
  6 fire drakes
  5 komodo dragons
  A tengu conjurer (D:15)
  A freezing wraith (D:15)
  An efreet (D:15)
  12 deep elf priests
  28 merfolk
  7 blue devils (IceCv)
  6 trolls
  A wind drake (Shoals:1)
  A snapping turtle (shapeshifter) (Elf:1)
  7 two-headed ogres
  4 slime creatures (D:12)
  A trapdoor spider zombie (D:9)
  A boulder beetle (Lair:6)
  6 water elementals
  32 blink frogs
  A shadow (D:11)
  3 snapping turtles
  A redback (Lair:8)
  Sigmund (D:2)
  A wraith (D:14)
  A vampire (D:14)
  20 deep elf magi
  4 wyverns
  6 basilisks
  17 hippogriffs
  2 fire elementals (Elf:1)
  A steam dragon (Lair:8)
  37 yaks
  28 deep elf fighters
  2 mottled dragons
  A hungry ghost (D:8)
  20 soldier ants (Lair:7)
  6 vampire mosquitoes
  10 wolves
  6 wargs
  11 porcupines
  77 nagas
  2 hell hounds (Elf:1)
  29 water moccasins
  3 spiders (Lair:8)
  5 wasps
  13 ogres
  2 necrophages (D:8)
  24 orc warriors
  2 swamp drakes (Lair:8)
  8 sky beasts
  4 slaves (D:8)
  7 ice beasts
  3 boggarts (D:15)
  15 centaurs
  20 giant frogs
  21 crocodiles
  3 big kobolds
  A wyvern zombie (D:13)
  A gnoll sergeant (D:8)
  3 wyvern skeletons
  10 killer bees
  2 quasits (D:11)
  17 wights
  10 electric eels
  5 centaur skeletons
  7 crimson imps
  A giant frog zombie (D:6)
  8 hounds
  2 jellies
  18 orc priests
  A draconian simulacrum (IceCv)
  2 giant frog skeletons
  36 orc wizards
  35 worker ants
  Terence (D:3)
  3 spriggan simulacra (IceCv)
  10 iguanas
  A killer bee zombie (D:3)
  29 sheep
  3 troll simulacra (IceCv)
  A hound zombie (D:6)
  A mummy (D:8)
  8 gnolls
  Robin (D:4)
  68 river rats
  A naga simulacrum (IceCv)
  2 ogre simulacra (IceCv)
  2 shadow imps
  26 adders
  An adder skeleton (D:4)
  An adder zombie (D:9)
  An ooze (D:1)
  4 worms
  161 orcs
  3 giant cockroaches
  21 goblins
  6 hobgoblins
  14 jackals
  3 quokkas
  6 ball pythons
  A ball python skeleton (D:3)
  12 bats
  2 giant cockroach zombies (D:3)
  8 giant geckos
  4 giant newts
  3 jackal zombies
  24 kobolds
  7 rats
  8 bushes
  2 butterflies (Lair:7)
  47 fungi
  111 plants
1771 creatures vanquished.

Vanquished Creatures (collateral kills)
  A hydra (Lair:7)
  An ogre mage (Orc:4)
  A naga mage (Snake:4)
  3 nagas (Snake:4)
  A water moccasin (Lair:7)
  An orc (Orc:2)
  A crawling corpse (Elf:3)
9 creatures vanquished.

Vanquished Creatures (others)
  An orc sorcerer (Orc:4)
  2 nagas (Snake:4)
  A boggart (D:15)
  2 orc wizards (Orc:4)
  2 orcs (Orc:4)
  25 fungi
  43 plants
76 creatures vanquished.

Grand Total: 1856 creatures vanquished

Notes
Turn   | Place    | Note
--------------------------------------------------------------
     0 | D:1      | Raultor the Hill Orc Gladiator began the quest for the Orb.
     0 | D:1      | Reached XP level 1. HP: 18/18 MP: 1/1
    63 | D:1      | Reached XP level 2. HP: 13/25 MP: 2/2
   120 | D:1      | You fall through a shaft!
   446 | D:1      | Reached XP level 3. HP: 10/31 MP: 3/3
  1261 | D:2      | Reached XP level 4. HP: 33/38 MP: 4/4
  1290 | D:2      | Reached skill level 5 in Axes
  1553 | D:2      | Noticed Sigmund
  1568 | D:2      | Killed Sigmund
  1568 | D:2      | Reached skill level 1 in Armour
  1568 | D:2      | Reached XP level 5. HP: 24/46 MP: 5/5
  1568 | D:2      | Reached XP level 6. HP: 27/52 MP: 6/6
  1821 | D:2      | Reached skill level 6 in Axes
  2108 | D:2      | Found a deep blue altar of Sif Muna.
  2448 | D:3      | Noticed Terence
  2473 | D:3      | Killed Terence
  2668 | D:3      | Found a basalt altar of Yredelemnul.
  3055 | D:3      | Found a faded altar to an unknown god.
  3307 | D:4      | Noticed Robin
  3322 | D:4      | Killed Robin
  3322 | D:4      | Reached skill level 7 in Axes
  3353 | D:4      | Reached XP level 7. HP: 49/60 MP: 7/7
  3386 | D:4      | Found Dashrugag's Distillery.
  3390 | D:4      | Bought a potion of curing for 42 gold pieces
  3390 | D:4      | Bought a potion of degeneration for 14 gold pieces
  3390 | D:4      | Bought a potion of mutation for 35 gold pieces
  3654 | D:4      | Found Oxullyph's Weapon Boutique.
  3682 | D:4      | Reached skill level 8 in Axes
  3713 | D:4      | Reached skill level 5 in Fighting
  3721 | D:4      | Found Xeitruc's Assorted Antiques.
  4067 | D:5      | Entered Level 5 of the Dungeon
  4067 | D:5      | Found a shadowy altar of Dithmenos.
  4077 | D:5      | Reached XP level 8. HP: 62/68 MP: 8/8
  4159 | D:5      | Reached skill level 9 in Axes
  4602 | D:6      | Found a shattered altar of Ashenzari.
  4766 | D:6      | Found a staircase to the Ecumenical Temple.
  4798 | Temple   | Entered the Ecumenical Temple
  4861 | Temple   | Became a worshipper of Qazlal Stormbringer
  5165 | D:6      | Found a stormy altar of Qazlal.
  5449 | D:7      | Reached skill level 10 in Axes
  5650 | D:7      | Reached XP level 9. HP: 76/78 MP: 9/9
  5661 | D:7      | Reached skill level 5 in Armour
  5708 | D:7      | Found an opulent altar of Gozag.
  5775 | D:7      | Found a bloodstained altar of Trog.
  5891 | D:7      | Reached * piety under Qazlal
  6002 | D:7      | Reached skill level 11 in Axes
  6186 | D:8      | Found a bloodstained altar of Trog.
  6256 | D:8      | Noticed Pikel
  6265 | D:8      | Killed Pikel
  6265 | D:8      | Reached skill level 12 in Axes
  6265 | D:8      | Reached skill level 5 in Dodging
  6322 | D:8      | Reached XP level 10. HP: 30/89 MP: 10/10
  6541 | D:8      | Reached ** piety under Qazlal
  6547 | D:8      | Found a snail-covered altar of Cheibriados.
  6677 | D:8      | Reached skill level 1 in Invocations
  6922 | D:9      | Reached skill level 13 in Axes
  6924 | D:9      | Got a crude plate armour
  6935 | D:9      | Identified the +9 plate armour "Iladogh" {rElec MR+ Regen+} (You found it on level 9 of the Dungeon)
  7022 | D:9      | Found Votour's Jewellery Emporium.
  7458 | D:9      | Got a slimy robe
  7469 | D:9      | Identified the +1 robe of Byoxafoe {rElec Str+5 Int-3} (You found it on level 9 of the Dungeon)
  7543 | D:10     | Entered Level 10 of the Dungeon
  7637 | D:10     | Reached *** piety under Qazlal
  8073 | D:11     | Reached skill level 5 in Invocations
  8073 | D:11     | Reached XP level 11. HP: 67/97 MP: 14/14
  8089 | D:11     | Found a staircase to the Lair.
  8099 | D:11     | Reached skill level 14 in Axes
  8174 | D:11     | Noticed a seven-headed hydra
  8434 | D:12     | Found a sparkling altar of Nemelex Xobeh.
  8681 | D:12     | Got a jewelled falchion {flame}
  8682 | D:12     | Identified the cursed +3 falchion of Broken Luck {flame, rPois rC- rN++ Int+2} (You took it off an orc priest on level 12 of the Dungeon)
  8823 | D:12     | Reached **** piety under Qazlal
  8845 | D:12     | Found a staircase to the Orcish Mines.
  9062 | Orc:1    | Entered Level 1 of the Orcish Mines
  9466 | Orc:3    | Reached ***** piety under Qazlal
  9490 | Orc:3    | Reached skill level 10 in Fighting
  9688 | Orc:4    | Entered Level 4 of the Orcish Mines
  9825 | Orc:1    | Noticed Erica
  9853 | Orc:1    | Killed Erica
  9853 | Orc:1    | Reached skill level 15 in Axes
 10384 | Orc:4    | Found a roughly hewn altar of Beogh.
 10433 | Orc:4    | Gained mutation: You are frail (-10% HP). [a neqoxec]
 10446 | Orc:4    | Found Fott's Distillery.
 10450 | Orc:4    | Reached XP level 12. HP: 90/96 MP: 17/17
 10477 | Orc:4    | Bought a potion of heal wounds for 65 gold pieces
 10508 | Orc:4    | Noticed Nergalle
 10514 | Orc:4    | HP: 4/97 [orc sorcerer/bolt of fire (14)]
 10518 | Orc:4    | Found an ancient bone altar of Kikubaaqudgha.
 10534 | Orc:4    | Killed Nergalle
 10567 | Orc:4    | Found Doihe's Magic Scroll Shoppe.
 10573 | Orc:4    | Noticed an ogre mage
 10580 | Orc:4    | Reached skill level 16 in Axes
 10585 | Orc:4    | Killed an ogre mage
 10614 | Orc:4    | Bought a scroll of blinking for 112 gold pieces
 10616 | Orc:4    | Found a radiant altar of Vehumet.
 10635 | Orc:4    | Found a roughly hewn altar of Beogh.
 10635 | Orc:4    | Found Qesagec's Gadget Emporium.
 10640 | Orc:4    | Noticed an ogre mage
 10650 | Orc:4    | Killed an ogre mage
 10690 | Orc:4    | Found Yri Lu Lae's Antique Weapon Emporium.
 11396 | Orc:3    | Found a staircase to the Elven Halls.
 11425 | Orc:2    | Found a roughly hewn altar of Beogh.
 11464 | Orc:2    | Noticed Maud
 11483 | Orc:2    | Killed Maud
 12155 | D:11     | Noticed a skeletal warrior
 12158 | D:11     | Noticed a skeletal warrior
 12180 | D:11     | Killed a skeletal warrior
 12180 | D:11     | Reached skill level 17 in Axes
 12181 | D:11     | Noticed a skeletal warrior
 12184 | D:11     | Noticed a skeletal warrior
 12220 | Lair:1   | Entered Level 1 of the Lair of Beasts
 12592 | Lair:1   | Found a sacrificial altar of Ru.
 12989 | Lair:2   | Reached XP level 13. HP: 80/105 MP: 20/20
 13227 | Lair:2   | Noticed Gastronok
 13243 | Lair:2   | Killed Gastronok
 13243 | Lair:2   | Reached skill level 10 in Invocations
 13338 | Lair:2   | Identified a scroll of acquirement
 13905 | Lair:3   | Noticed Snorg
 13919 | Lair:3   | Killed Snorg
 14104 | Lair:3   | Reached skill level 18 in Axes
 14458 | Lair:3   | You fall through a shaft for 3 floors!
 14478 | Lair:6   | Reached skill level 10 in Armour
 14566 | Lair:6   | Noticed Nessos
 14577 | Lair:6   | Killed Nessos
 15001 | Lair:5   | Found a frozen archway.
 15010 | IceCv    | Entered an ice cave
 15035 | IceCv    | Reached XP level 14. HP: 75/116 MP: 22/22
 15220 | IceCv    | Reached skill level 19 in Axes
 15226 | IceCv    | Got a pitted leather armour
 15237 | IceCv    | Identified the +0 leather armour "Yxavor" {MR+} (You found it in an ice cave)
 15487 | Lair:4   | Reached ****** piety under Qazlal
 15618 | Lair:4   | Found a staircase to the Shoals.
 15745 | Lair:4   | Noticed Urug
 15759 | Lair:4   | Killed Urug
 16413 | Lair:4   | Found a staircase to the Snake Pit.
 17447 | Lair:6   | Reached skill level 1 in Evocations
 17649 | Lair:6   | Reached XP level 15. HP: 124/124 MP: 24/24
 18260 | Lair:7   | Reached skill level 20 in Axes
 18343 | Lair:7   | Reached XP level 16. HP: 101/132 MP: 25/25
 19148 | Lair:8   | Entered Level 8 of the Lair of Beasts
 19714 | Lair:8   | Reached skill level 15 in Fighting
 20071 | Lair:8   | Found a staircase to the Slime Pits.
 20448 | D:11     | Noticed an unseen horror
 20452 | D:11     | Killed an unseen horror
 20642 | D:11     | Killed a skeletal warrior
 20656 | D:11     | Killed a five-headed hydra
 20664 | D:11     | Killed a skeletal warrior
 20669 | D:11     | Killed a skeletal warrior
 20926 | D:11     | Found a blossoming altar of Fedhas.
 21262 | D:13     | Found a gate to the Vaults.
 21441 | D:13     | Found an iron altar of Okawaru.
 21627 | D:13     | Got a pair of scorched boots
 21638 | D:13     | Identified the cursed +0 pair of boots of Instinct {rF+ MP+9 Str-3} (You found it on level 13 of the Dungeon)
 22774 | D:15     | Entered Level 15 of the Dungeon
 22899 | D:15     | Reached XP level 17. HP: 123/142 MP: 9/27
 23013 | D:15     | Noticed Sonja
 23026 | D:15     | Killed Sonja
 23573 | D:15     | Found a staircase to the Depths.
 23984 | Elf:1    | Entered Level 1 of the Elven Halls
 24332 | Elf:1    | Noticed Asterion
 24350 | Elf:1    | Killed Asterion
 24383 | Elf:1    | Noticed Roxanne
 24411 | Elf:1    | Killed Roxanne
 24418 | Elf:1    | Identified Roxanne's Guide on Stones (You took it off Roxanne on level 1 of the Elven Halls)
 24429 | Elf:1    | Noticed Azrael
 24436 | Elf:1    | Killed Azrael
 24567 | Elf:1    | Noticed Agnes
 24581 | Elf:1    | Killed Agnes
 25138 | Elf:2    | Found Jazelao's Armour Shop.
 25257 | Elf:2    | Noticed Louise
 25295 | Elf:2    | Found a runed gate.
 25295 | Elf:2    | Found a runed gate.
 25305 | Elf:2    | Found a runed gate.
 25528 | Elf:2    | Noticed a deep elf blademaster
 25538 | Elf:2    | Killed a deep elf blademaster
 25639 | Elf:2    | Reached XP level 18. HP: 58/153 MP: 9/29
 25653 | Elf:2    | Killed Louise
 25653 | Elf:2    | Reached skill level 15 in Invocations
 25702 | Elf:2    | HP: 7/153 [deep elf knight/scimitar (13)]
 26041 | Elf:3    | Entered Level 3 of the Elven Halls
 26417 | Elf:2    | HP: 7/153 [deep elf master archer/arrow (14)]
 26636 | Elf:3    | Reached skill level 15 in Armour
 27196 | Elf:3    | Found Qes Furgh's General Store.
 27204 | Elf:3    | Bought an uncursed ring of poison resistance for 240 gold pieces
 27343 | Elf:3    | Reached skill level 10 in Evocations
 27508 | Elf:3    | Got a brightly glowing jade ring
 27510 | Elf:3    | Identified the ring of Hiheon {rF+ Dex+3} (You took it off a deep elf demonologist on level 3 of the Elven Halls)
 27594 | Elf:3    | Got a coiled copper amulet
 27595 | Elf:3    | Identified the amulet of Fakiw {rCorr rC++} (You found it on level 3 of the Elven Halls)
 27651 | Elf:3    | Identified the Reference Book on Destructive Displacement
 27655 | Elf:3    | Got an iridescent rapier
 27656 | Elf:3    | Identified the +4 rapier of Regicide {freeze, Str+4} (You found it on level 3 of the Elven Halls)
 27669 | Elf:3    | Got a fine hand axe
 27670 | Elf:3    | Identified the +9 hand axe of Mutilation {pain, Str+3} (You found it on level 3 of the Elven Halls)
 27733 | Elf:3    | Identified the Reference Book on the Destructive Compass
 28257 | Snake:1  | Entered Level 1 of the Snake Pit
 28301 | Snake:1  | Found Noinaja's Antique Weapon Emporium.
 28474 | Snake:1  | Reached XP level 19. HP: 145/162 MP: 30/30
 29022 | Snake:1  | Got a clouded jade ring
 29026 | Snake:1  | Learned a level 2 spell: Blink
 29029 | Snake:1  | Learned a level 2 spell: Repel Missiles
 29030 | Snake:1  | Identified the ring of Fegezeyw {Wiz Slay+3} (You found it on level 1 of the Snake Pit)
 29825 | Snake:2  | Got a scorched wooden ring
 29826 | Snake:2  | Identified the ring "Olappyin" {rPois Stlth+} (You found it on level 2 of the Snake Pit)
 30461 | Snake:3  | Found Obreol's General Store.
 30472 | Snake:3  | Bought a scroll of recharging for 142 gold pieces
 30472 | Snake:3  | Bought a scroll of enchant weapon for 112 gold pieces
 30882 | Snake:4  | Entered Level 4 of the Snake Pit
 31204 | Snake:4  | Reached XP level 20. HP: 44/173 MP: 27/31
 32051 | Snake:4  | Reached skill level 10 in Dodging
 32867 | Snake:4  | Got a serpentine rune of Zot
 33199 | Shoals:1 | Entered Level 1 of the Shoals
 33933 | Shoals:2 | Reached skill level 21 in Fighting
 34043 | Shoals:2 | Noticed Jorgrun
 34067 | Shoals:2 | Killed Jorgrun
 34218 | Shoals:2 | Noticed Polyphemus
 34243 | Shoals:2 | Killed Polyphemus
 34416 | Shoals:2 | Found a basalt altar of Yredelemnul.
 34521 | Shoals:2 | Reached XP level 21. HP: 157/183 MP: 32/32
 35287 | Shoals:4 | Entered Level 4 of the Shoals
 35290 | Shoals:4 | Noticed Ilsuiw
 35336 | Shoals:4 | Slain by a snapping turtle

Action                   |  1- 3 |  4- 6 |  7- 9 | 10-12 | 13-15 | 16-18 | 19-21 || total
-------------------------+-------+-------+-------+-------+-------+-------+-------++-------
Melee: War axe           |   163 |   181 |   105 |       |       |       |       ||   449
       Battleaxe         |       |       |   211 |   858 |   787 |  1494 |  1196 ||  4546
       Hand axe          |       |       |       |       |    17 |       |       ||    17
       Executioner's axe |       |       |       |       |       |       |    50 ||    50
Invok: Upheaval          |       |       |       |     6 |       |    12 |     4 ||    22
       Elemental Force   |       |       |       |     4 |     3 |     1 |     1 ||     9
       Disaster Area     |       |       |       |       |       |       |     2 ||     2
 Abil: Evoke Flight      |       |       |       |       |       |     3 |       ||     3
       Stop Flying       |       |       |       |       |       |     1 |       ||     1
Evoke: Lamp of fire      |       |       |       |       |       |     1 |     2 ||     3
       Phial of floods   |       |       |       |       |       |     1 |     1 ||     2
  Use: Scroll            |       |       |     6 |    11 |    12 |    12 |     9 ||    50
       Potion            |       |       |     1 |     7 |     2 |     8 |     4 ||    22
 Stab: Sleeping          |     1 |       |       |       |       |       |       ||     1
       Invisible         |       |       |     3 |       |       |       |       ||     3
       Distracted        |       |       |       |       |     1 |     1 |     1 ||     3
  Eat: Chunk             |     2 |     7 |    10 |    24 |    18 |    30 |    13 ||   104
       Royal jelly       |       |       |       |       |       |     1 |       ||     1
       Meat ration       |       |       |       |       |       |     1 |     2 ||     3
